 Dungeon Crawl Stone Soup version 0.28-a0-1142-gc8569940dd (webtiles) character file.

Game seed: 10733140233159719941

17 ChaosChampion the Insei (level 2, -1/18 HPs)
             Began as an Octopode Transmuter on Dec 13, 2021.
             Slain by a hobgoblin (2 damage)
             ... on level 1 of the Dungeon.
             The game lasted 00:00:56 (615 turns).

ChaosChampion the Insei (Octopode Transmuter)        Turns: 615, Time: 00:00:57

Health: -1/18      AC:  1    Str:  9    XL:     2   Next: 62%
Magic:  5/5        EV: 10    Int: 15    God:
Gold:   0          SH:  0    Dex: 12    Spells: 2/5 levels left

rFire   . . .      SeeInvis .     - Unarmed
rCold   . . .      Faith    .   (no shield)
rNeg    . . .      Spirit   .   (helmet restricted)
rPois   .          Reflect  .   (no amulet)
rElec   .          Harm     .   (no ring)
rCorr   .          Rampage  .   (no ring)
Will    .....                   (no ring)
Stlth   ++........              (no ring)
HPRegen 0.06/turn               (no ring)
MPRegen 0.09/turn               (no ring)
                                (no ring)
                                (no ring)

@: constricted
A: almost no armour, amphibious, 8 rings, camouflage 1, gelatinous body 1,
(nimble swimmer 1), tentacles
a: no special abilities


You were on level 1 of the Dungeon.
You visited 1 branch of the dungeon, and saw 1 of its levels.

Inventory:

Scrolls
 a - a scroll of identify {unknown}
 b - a scroll of teleportation {unknown}


   Skills:
 - Level 1.0 Fighting
 - Level 2.0 Dodging
 * Level 3.6 Unarmed Combat
 - Level 2.0 Spellcasting
 + Level 2.3 Transmutations


You had 2 spell levels left.
You knew the following spells:

 Your Spells              Type           Power      Damage    Failure   Level
a - Beastly Appendage     Tmut           16%        N/A       9%          1
b - Wereblood             Tmut           8%         N/A       13%         2

Your spell library contained the following spells:

 Spells                   Type           Power      Damage    Failure   Level
 Spider Form              Tmut/Pois      5%         N/A       38%         3
 Ice Form                 Ice/Tmut       5%         N/A       80%         4


Dungeon Overview and Level Annotations

Branches:
Dungeon (1/15)

Altars:

Shops:
D:1 (!?


Innate Abilities, Weirdness & Mutations

You cannot wear most types of armour.
You are amphibious.
You can wear up to eight rings at the same time.
Your skin changes colour to match your surroundings (Stealth+).
Your rubbery body absorbs attacks. (AC +1, EV +1)
((You are camouflaged near water. (Stealth+)))
You have tentacles for arms and can constrict up to eight enemies at once.


Message History

Confirm with . or Enter, or press ? or * to list all spells.
One of your tentacles grows a vicious spike.
Casting: Beastly Appendage (safe; 9% risk of failure)
Confirm with . or Enter, or press ? or * to list all spells.
Your blood is infused with primal strength.
Your transformation is almost over.
Your tentacle spike disappears.
Your primal bloodlust is almost over.
Your primal bloodlust has ended.
Found a ring mail.
You see here a +0 ring mail.
You see here a +0 ring mail.
Found 28 stones.
A quokka comes into view.
A quokka is nearby!
A quokka is nearby!
A hobgoblin comes into view.
A ball python comes into view.
An endoplasm comes into view.
Found 26 stones.
The quokka closely misses you. The quokka bites you.
The hobgoblin shouts!
The ball python hisses angrily.
You miss the quokka. Your grab misses the quokka.
The endoplasm quivers.
The ball python closely misses you. The ball python grabs you.
The ball python constricts you. The hobgoblin hits you. The quokka bites you.
* * * LOW HITPOINT WARNING * * *
You are too injured to fight recklessly!
You are too injured to fight recklessly!
You are too injured to fight recklessly!
You are too injured to fight recklessly!
You are too injured to fight recklessly!
You are too injured to fight recklessly!
You are too injured to fight recklessly!
The ball python's grasp on you weakens, but your attempt to escape fails.
The ball python bites you.
* * * LOW HITPOINT WARNING * * *
The ball python constricts you.
* * * LOW HITPOINT WARNING * * *
The hobgoblin hits you.
You die...

####### #.....# ####.....# #
(.J......# # #..r.g# # #...@S#
# ###.### # #.# # #.#
########## #.# .........#
#.############## ########.#
#####.............#
###...#..###...###...#######.#
.(.#....##.......##(.#######.#


You could see an endoplasm, a quokka, a hobgoblin and a ball python.

Vanquished Creatures
  A dart slug (D:1)
  A bat (D:1)
  2 endoplasms (D:1)
  2 hobgoblins (D:1)
  A quokka (D:1)
  A ball python (D:1)
  2 frilled lizards (D:1)
  2 goblins (D:1)
  A kobold (D:1)
  2 rats (D:1)
15 creatures vanquished.

Notes
Turn   | Place    | Note
-------+----------+-------------------------------------------
     0 | D:1      | ChaosChampion the Octopode Transmuter began the quest for
                  | the Orb.
     0 | D:1      | Reached XP level 1. HP: 13/13 MP: 3/3
    81 | D:1      | Found Kity's Distillery.
   154 | D:1      | Reached XP level 2. HP: 14/18 MP: 3/5
   157 | D:1      | Learned a level 2 spell: Wereblood
   309 | D:1      | Found Vuipurov's Antique Weapon Shop.
   467 | D:1      | Found Motieg's Magic Scroll Shop.
   615 | D:1      | Slain by a hobgoblin

Illustrated notes

Levels and vault maps discovered:
D:1:      dpeg_arrival_three_same_balls, layout_loops_ring, serial_shops,
          nicolae_shop_competitors_out_of_business, nicolae_shop_stone, shop,
          nicolae_shop_crystal, nicolae_shop_behind_doors,
          minmay_misc_feat_cross

Action                   || total
-------------------------++-------
Melee: Unarmed           ||    29
       Constrict         ||    10
       Kick              ||     4
       Tentacles         ||     3
 Cast: Beastly Appendage ||    11
       Wereblood         ||     7
 Stab: Sleeping          ||     3
Dodge: Dodged            ||    15

Table legend: (Time is in decaauts)
 A = Elapsed time spent in this place.
 B = Non-inter-level travel time spent in this place.
 C = Inter-level travel time spent in this place.
 D = Time resting spent in this place.
 E = Time spent auto-exploring this place.
 F = Levels seen in this place.
 G = Mean time per level.
                   A        B        C        D        E       F      G
               +--------+--------+--------+--------+--------+-----+--------+
         Total |    613 |    613 |      0 |      0 |    500 |   1 |  613.0 |
       Dungeon |    613 |    613 |      0 |      0 |    500 |   1 |  613.0 |
               +--------+--------+--------+--------+--------+-----+--------+

Top non-repeatable levels by time:
     D:1: 613 daAuts
